 Dungeon Crawl Stone Soup version 0.19-a0-1841-gf1e0166 (webtiles) character file.

1125 Proteus the Covert (level 8, -6/39 HPs)
             Began as a Spriggan Assassin on Oct 9, 2016.
             Shot with a sling bullet by Joseph (19 damage)
             ... on level 7 of the Dungeon.
             The game lasted 00:21:08 (6414 turns).

Proteus the Covert (Spriggan Assassin)              Turns: 6414, Time: 00:21:08

Health: -6/39      AC:  4    Str:  7    XL:     8   Next: 13%
Magic:  9/9        EV: 20    Int: 12    God:
Gold:   216        SH:  2    Dex: 20    Spells: 0 memorised, 7 levels left

rFire  . . .     SeeInvis +     b - +3 blowgun
rCold  . . .     Gourm    .     c - +0 robe
rNeg   . . .     Faith    .     (shield restricted)
rPois  .         Spirit   .     (helmet restricted)
rElec  .         Dismiss  .     p - +1 cloak
rCorr  .         Reflect  +     (gloves unavailable)
MR     +....     Harm     .     (boots unavailable)
Stlth  ++++++....               i - +2 amulet of reflection
                                (no ring)
                                j - ring of flight

@: hasted, very quick
A: unfitting armour, see invisible, herbivore 3, speed 3, slow metabolism 2
a: Evoke Flight


You were on level 7 of the Dungeon.
You were not hungry.

You visited 1 branch of the dungeon, and saw 7 of its levels.

You collected 333 gold pieces.
You spent 117 gold pieces at shops.

Inventory:

Hand Weapons
 a - a +2 dagger of venom
 b - a +3 blowgun (weapon)
 n - a +2 dagger
 q - a +1 short sword of venom
Missiles
 e - 8 poisoned needles (quivered)
Armour
 c - a +0 robe (worn)
 p - a +1 cloak (worn)
Jewellery
 i - a +2 amulet of reflection (around neck)
 j - a ring of flight (left hand)
Wands
 f - a wand of flame (21/48)
 t - a wand of paralysis (17/24)
 v - a wand of lightning (4/15)
 w - a wand of iceblast (11/15)
Scrolls
 l - 3 scrolls of remove curse
Potions
 h - 2 potions of magic
 o - 2 potions of berserk rage {unknown}
 r - a potion of brilliance
 s - 3 potions of cure mutation
Books
 m - a book of Conjurations

   Spells                             Type                      Level
   a - Magic Dart                     Conjuration                  1
   b - Searing Ray                    Conjuration                  2
   c - Dazzling Spray                 Conjuration/Hexes            3
   d - Fulminant Prism                Conjuration/Hexes            4
   e - Iskenderun's Mystic Blast      Conjuration                  4
   f - Iskenderun's Battlesphere      Conjuration/Charms           5
Comestibles
 g - 6 bread rations
 u - a slice of pizza


   Skills:
 + Level 2.7 Fighting
 + Level 4.0 Short Blades
 + Level 3.4 Throwing
 + Level 4.0 Dodging
 + Level 12.7 Stealth


You had 7 spell levels left.
You didn't know any spells.

Dungeon Overview and Level Annotations

Branches:
Dungeon (7/15)
 Temple: D:4-7

Altars:
Ru

Shops:
D:4 !

Annotations:
D:7 Joseph


Innate Abilities, Weirdness & Mutations

You are very small and have problems with some larger weapons.
You are too small for most types of armour.
You have supernaturally acute eyesight. (SInv)
You are a herbivore.
You cover ground extremely quickly.
You need consume almost no food.


Message History

Press: ? - help, Shift-Dir - straight line, f/p - Joseph
Aim: Joseph, wielding a hunting sling and wearing a runed ring mail (lightly wounded, poisoned)
You shoot a poisoned needle. The poisoned needle hits Joseph!
Joseph looks even sicker.
Joseph is lightly wounded.
Firing (i - inventory):
e - 10 poisoned needles (quivered)
Press: ? - help, Shift-Dir - straight line, f/p - Joseph
Aim: Joseph, wielding a hunting sling and wearing a runed ring mail (lightly wounded, poisoned)
You shoot a poisoned needle. The poisoned needle hits Joseph.
Joseph looks as sick as possible!
Joseph is lightly wounded.
Firing (i - inventory):
e - 9 poisoned needles (quivered)
Press: ? - help, Shift-Dir - straight line, f/p - Joseph
Aim: Joseph, wielding a hunting sling and wearing a runed ring mail (lightly wounded, poisoned)
You shoot a poisoned needle.
The poisoned needle closely misses Joseph.
Joseph shouts, "I love to fight!
I love killing!"
You feel yourself speed up.
Joseph shoots a sling bullet.
The sling bullet hits you!!
You die...

##.............
##...............#
##................#
#....<..#..........
......#..#..........(
..... ##.............
.... ##.....#...(...
... #......#.@.)...
## #....#.@.......
#....#.##........
##..###.#..?..... #.#
.......... #..
.......... >.
.##.....$. . .?.....
.# .......


You could see Joseph.

Vanquished Creatures
  An ogre (D:5)
  A big kobold (D:5)
  A bullfrog (D:6)
  A scorpion (D:6)
  A howler monkey (D:5)
  A crimson imp (D:6)
  3 hounds
  3 orc priests
  Crazy Yiuf (D:3)
  A centaur skeleton (D:5)
  2 iguanas (D:6)
  4 orc wizards
  5 worker ants
  3 gnolls (D:2)
  10 adders
  A shadow imp (D:5)
  An ooze (D:2)
  An adder skeleton (D:4)
  5 worms
  9 dart slugs
  4 leopard geckos
  8 orcs
  7 giant cockroaches
  11 goblins
  5 hobgoblins
  26 kobolds
  2 quokkas
  A ball python (D:2)
  9 bats
  7 frilled lizards
  A quokka zombie (D:6)
  11 rats
  2 plants (D:5)
149 creatures vanquished.

Notes
Turn   | Place    | Note
-------+----------+-------------------------------------------
     0 | D:1      | Proteus the Spriggan Assassin began the quest for the Orb.
     0 | D:1      | Reached XP level 1. HP: 10/10 MP: 2/2
    69 | D:1      | Reached skill level 6 in Stealth
   215 | D:1      | Reached XP level 2. HP: 12/14 MP: 3/3
   363 | D:1      | Reached skill level 7 in Stealth
   811 | D:2      | Reached XP level 3. HP: 18/18 MP: 4/4
   819 | D:2      | Reached skill level 8 in Stealth
   906 | D:2      | Reached XP level 4. HP: 15/22 MP: 5/5
  1110 | D:2      | Reached skill level 9 in Stealth
  2016 | D:3      | Reached XP level 5. HP: 25/25 MP: 6/6
  2129 | D:3      | Reached skill level 10 in Stealth
  2270 | D:3      | Found a runed door.
  2275 | D:3      | Noticed Crazy Yiuf
  2296 | D:3      | Killed Crazy Yiuf
  2985 | D:4      | Found Tekegh's Distillery.
  3001 | D:4      | Bought a potion of degeneration for 13 gold pieces
  3001 | D:4      | Bought a potion of invisibility for 104 gold pieces
  3422 | D:4      | Reached skill level 11 in Stealth
  3422 | D:4      | Reached XP level 6. HP: 30/30 MP: 7/7
  3911 | D:4      | Reached skill level 12 in Stealth
  4044 | D:5      | Entered Level 5 of the Dungeon
  4119 | D:5      | Reached XP level 7. HP: 31/33 MP: 8/8
  5882 | D:6      | Found a sacrificial altar of Ru.
  6106 | D:6      | Reached XP level 8. HP: 39/39 MP: 9/9
  6406 | D:7      | Noticed Joseph
  6414 | D:7      | Shot with a sling bullet by Joseph

Vault maps used:
D:1:      lemuel_arrival_broad_hall
D:2:      first_bread
D:3:      uniq_crazy_yiuf_cottage
D:4:      kennysheep_slugbush, serial_shops, shop
D:5:      kennysheep_kobold_camp
D:6:      hangedman_ru_absence
D:7:      okawaru_altar_gauntlet_db, uniq_joseph, uniq_pikel

Skill      XL: |  1  2  3  4  5  6  7  8 |
---------------+-------------------------+-----
Stealth        | 6 7 8 9 11 12 | 12.7
Dodging        | 2 3 4 |  4.0
Short Blades   | 3 4 |  4.0
Fighting       | 2 |  2.7
Throwing       | 3 |  3.4

Action                   |  1- 3 |  4- 6 |  7- 9 || total
-------------------------+-------+-------+-------++-------
Melee: Dagger            |    87 |   223 |   210 ||   520
 Fire: Blowgun           |     9 |    17 |     5 ||    31
  Use: Scroll            |       |    10 |     4 ||    14
       Potion            |       |     1 |     3 ||     4
 Stab: Sleeping          |     9 |    22 |     7 ||    38
       Distracted        |     1 |     1 |       ||     2
       Invisible         |       |     3 |       ||     3
  Eat: Bread ration      |       |     1 |       ||     1
Armor: Robe              |    10 |    26 |     7 ||    43
Dodge: Dodged            |    71 |   119 |    86 ||   276
Block: Other             |       |     3 |     9 ||    12
       Reflection        |       |       |     1 ||     1
